 Dungeon Crawl Stone Soup version 0.31-a0-190-g4feb4907b2 (webtiles) character file.

Game seed: 13624424595892723814

151 qw the Skirmisher (level 5, -2/29 HPs)
             Began as a Deep Elf Hunter on June 23, 2023.
             Succumbed to a gnoll sergeant's poison
             ... on level 5 of the Dungeon.
             The game lasted 00:00:45 (1886 turns).

qw the Skirmisher (Deep Elf Hunter)                 Turns: 1886, Time: 00:00:45

Health: -2/29      AC:  6    Str: 10    XL:     5   Next: 10%
Magic:  7/7        EV: 12    Int: 14    God:
Gold:   152        SH:  0    Dex: 18    Spells: 4/4 levels left

rFire   . . .        Y - +3 shortbow
rCold   + . .        (shield currently unavailable)
rNeg    . . .        o - +1 leather armour {rC+}
rPois   .            (no helmet)
rElec   .            (no cloak)
rCorr   .            j - +0 pair of gloves
SInv    .            h - +0 pair of boots
Will    .....        (no amulet)
Stlth   ++           (no ring)
HPRegen 0.24/turn    (no ring)
MPRegen 0.10/turn

%: no passive effects
@: lethally poisoned (-2 -> -21)
A: no striking features
a: no special abilities


You were on level 5 of the Dungeon.
You visited 1 branch of the dungeon, and saw 4 of its levels.

You collected 152 gold pieces.


   Skills:
 - Level 1.5 Fighting
 + Level 8.5 Ranged Weapons
 - Level 2.4 Dodging
 - Level 1.2 Stealth


You had 4 spell levels left.
You didn't know any spells.
Your spell library was empty.

Inventory:

Hand Weapons
 Y - a +3 shortbow (weapon)
Armour
 h - a +0 pair of boots (worn)
 j - a +0 pair of gloves (worn)
 n - a +0 ring mail
 o - a +1 leather armour of cold resistance (worn)
Jewellery
 c - a ring of protection from cold
 f - the ring of Ablus {rElec rN+ EV+5 Int-3}
   (You found it on level 3 of the Dungeon)

   [ring of evasion]

   EV:        It affects your evasion (+5).
   Int:       It affects your intelligence (-3).
   rElec:     It insulates you from electricity.
   rN:        It protects you from negative energy.
Scrolls
 k - a scroll of revelation {unknown}
 m - a scroll of blinking {unknown}
Potions
 a - a potion of haste {unknown}
 b - a potion of invisibility {unknown}
 d - a potion of resistance {unknown}
 e - a potion of enlightenment {unknown}
 g - a potion of might {unknown}
 i - a potion of mutation {unknown}
 l - 2 potions of lignification {unknown}

Dungeon Overview and Level Annotations

Branches:
Dungeon (3/15)

Altars:
Ashenzari
Qazlal


Message History

The gnoll is heavily wounded.
The gnoll hits you with a +1 flail of protection.
You shoot an arrow. The arrow barely misses the gnoll.
The arrow hits the gnoll!
The gnoll is severely wounded.
The gnoll hits you with a +1 flail of protection.
A gnoll comes into view. It is wielding a +0 whip.
You shoot an arrow. The gnoll shouts!
The arrow hits the gnoll.
The gnoll is severely wounded.
The gnoll hits you with a +1 flail of protection.
A gnoll sergeant comes into view. It is wielding a +5 trident of venom.
You shoot an arrow. The gnoll sergeant shouts!
The arrow hits the gnoll but does no damage.
The gnoll is severely wounded.
The gnoll hits you with a +1 flail of protection.
You shoot an arrow. The arrow barely misses the gnoll.
The arrow completely misses the gnoll.
The gnoll closely misses you.
You shoot an arrow. The arrow hits the gnoll.
You kill the gnoll!
You shoot an arrow. The arrow closely misses the gnoll.
The arrow hits the gnoll!
The gnoll is severely wounded.
The gnoll misses you.
You shoot an arrow. The arrow hits the gnoll.
You kill the gnoll!
You have reached level 5!
You shoot an arrow. The arrow hits the gnoll!
You kill the gnoll!
You shoot an arrow.
The arrow closely misses the gnoll sergeant.
The arrow hits the gnoll.
The gnoll is moderately wounded.
The gnoll sergeant hits you from afar with a +5 trident of venom!
You are lethally poisoned!
The gnoll sergeant hits you from afar with a +5 trident of venom.
You shoot an arrow. The arrow closely misses the gnoll.
You die...

#.........(....)..
#.##..........##
#.##.###.#.########
#.##.# #.#.........
#..#.# #.#####.#.#.
##.#.# #...........
#.#.. #######.#.#.
#.#.. #..... #@#..
###.## #)#..# #.##


.gg #... ##.#. ###. #.##. #. #)# .# #. #># . #. #.. . #. .. You could see a
gnoll sergeant and a gnoll.

Vanquished Creatures
  4 gnolls (D:5)
  3 adders
  A worm (D:2)
  2 dart slugs
  13 orcs
  5 endoplasms
  2 giant cockroaches (D:1)
  7 goblins
  4 hobgoblins
  6 jackals
  3 quokkas
  3 ball pythons
  6 bats
  2 frilled lizards
  A kobold (D:1)
  A rat (D:1)
63 creatures vanquished.

Notes
Turn   | Place    | Note
-------+----------+-------------------------------------------
     0 | D:1      | qw the Deep Elf Hunter began the quest for the Orb.
     0 | D:1      | Reached XP level 1. HP: 12/12 MP: 3/3
     0 | D:1      | 0 ||| qw: Version: 0.3-a-9-g12657ce
     0 | D:1      | 0 ||| qw: Game counter: 4512
     0 | D:1      | 0 ||| qw: Always use a shield: true
     0 | D:1      | 0 ||| qw: God list: Okawaru
     0 | D:1      | 0 ||| qw: Allow faded altars: false
     0 | D:1      | 0 ||| qw: Do Orc after D:15 true
     0 | D:1      | 0 ||| qw: Do second Lair branch before Depths: true
     0 | D:1      | 0 ||| qw: Lair rune preference: random
     0 | D:1      | 0 ||| qw: Plans: Normal
     0 | D:1      | 0 ||| PLANNING D:1-11
    60 | D:1      | Reached skill level 6 in Ranged Weapons
    60 | D:1      | Reached XP level 2. HP: 16/16 MP: 4/4
    70 | D:1      | Found a faded altar of an unknown god.
   491 | D:1      | 491 ||| UPGRADING to +0 pair of boots.
   496 | D:1      | 496 ||| UPGRADING to +0 pair of gloves.
   501 | D:1      | 501 ||| READING 2 scrolls labelled FUOTARGHEGAO.
   502 | D:1      | 502 ||| READING scroll of enchant weapon.
   502 | D:1      | 502 ||| ENCHANTING +1 shortbow.
   503 | D:1      | 503 ||| READING scroll labelled IDAISH IGOYXEE.
   504 | D:1      | 504 ||| DROPPING scroll of butterflies.
   506 | D:1      | 506 ||| Stepping ~*~*~tactically~*~*~ (cloud).
   511 | D:1      | HP: 4/16 [poisoned by you (poison gas)]
   589 | D:2      | Reached XP level 3. HP: 12/20 MP: 5/5
   779 | D:2      | Reached skill level 7 in Ranged Weapons
  1299 | D:2      | 1299 ||| READING scroll labelled UROIRU DIASOVI.
  1356 | D:3      | Identified the ring of Ablus {rElec rN+ EV+5 Int-3}
  1410 | D:3      | Reached XP level 4. HP: 25/25 MP: 6/6
  1416 | D:3      | 1416 ||| FLEEEEING.
  1427 | D:3      | 1427 ||| READING scroll of enchant weapon.
  1427 | D:3      | 1427 ||| ENCHANTING +2 shortbow.
  1629 | D:3      | Found a broken altar of Ashenzari.
  1629 | D:3      | Found a stormy altar of Qazlal.
  1631 | D:3      | 1631 ||| UPGRADING to +0 ring mail.
  1641 | D:3      | 1641 ||| DROPPING +0 leather armour.
  1737 | D:3      | Reached skill level 8 in Ranged Weapons
  1763 | D:3      | 1763 ||| UPGRADING to +1 leather armour of cold resistance.
  1832 | D:3      | You fall into a shaft and drop 2 floors!
  1832 | D:5      | Entered Level 5 of the Dungeon
  1879 | D:5      | Noticed a gnoll sergeant
  1884 | D:5      | Reached XP level 5. HP: 15/29 MP: 7/7
  1885 | D:5      | HP: 6/29 [gnoll sergeant/+5 trident of venom (10)]
  1885 | D:5      | HP: 2/29 [gnoll sergeant/+5 trident of venom (4)]
  1886 | D:5      | Succumbed to a gnoll sergeant's poison

Levels and vault maps discovered:
D:1:      lemuel_arrival_river_ford, layout_rooms,
          shapermc_ecumenical_altar_mp_ritualfount
D:2:      layout_loops_ring
D:3:      layout_rooms, jmf_multi_god_temple, guppyfry_early_orc_mine
D:5:      layout_loops_ring

Skill      XL: |  1  2  3  4 |
---------------+-------------+-----
Ranged Weapons | 6 7 8 |  8.5
Fighting       | |  1.5
Dodging        | |  2.4
Stealth        | |  1.2

Action                     |  1- 3 |  4- 6 || total
---------------------------+-------+-------++-------
   Fire: Shortbow          |   102 |    65 ||   167
    Use: Scroll            |     4 |     1 ||     5
 Armour: Leather armour    |     7 |     3 ||    10
         Ring mail         |       |     1 ||     1
  Dodge: Dodged            |    13 |    10 ||    23

Table legend:
 A = Non-vault XP
 B = Vault XP
 C = Vault XP percentage of total XP
 D = Non-vault monster count
 E = Vault monster count
 F = Vault count percentage of total count
                 A         B        C        D         E       F
            +---------+---------+-------+---------+---------+-------
      Total |     185 |      31 |  14.4 |      54 |       9 |  14.3
            +---------+---------+-------+---------+---------+-------
        D:1 |      29 |       0 |   0.0 |      16 |       0 |   0.0
        D:2 |      59 |       0 |   0.0 |      18 |       0 |   0.0
        D:3 |      34 |      31 |  47.7 |      14 |       9 |  39.1
        D:5 |      63 |       0 |   0.0 |       6 |       0 |   0.0
            +---------+---------+-------+---------+---------+-------
